[Event "45th FIDE Olympiad 2024"]
[Site "Budapest"]
[Date "2024.09.15"]
[Round "5.125"]
[White "Galaviz Medina, Sion Radamantys"]
[Black "Araujo Sanchez, Josue"]
[Result "1-0"]
[ECO "E49"]
[WhiteElo "2488"]
[BlackElo "2296"]
[Annotator "TA"]
[PlyCount "55"]
[EventDate "2024.09.05"]
[EventType "team-tourn"]
[EventCountry "HUN"]
[SourceTitle "playchess.com"]
[Source "ChessBase"]
[SourceQuality "1"]
[WhiteTeam "Mexico"]
[BlackTeam "Dominican Republic"]
[WhiteTeamCountry "MEX"]
[BlackTeamCountry "DOM"]
[TimeControl "40/5400+30:1800+30"]

1. d4 Nf6 2. c4 e6 3. Nc3 Bb4 4. e3 O-O 5. Bd3 c5 6. Nge2 d5 7. a3 Bxc3+ 8. bxc3 dxc4 9. Bxc4 Nc6 10. O-O e5 11. Qc2 Na5 (11... Bd7 $11) 12. Ba2 $14 Qc7 13. c4 {White is slightly better.} cxd4 14. exd4 exd4 15. Nxd4 Ng4 (15... Bd7 $11) 16. Nf3 Nc6 17. Bb2 {Repels Nd4} Qf4 18. Bb1 {[%csl Gb1][%cal Rc2h7] [#]} Qh6 19. h3 Nf6 20. a4 $36 {[%mdl 2048] White fights for an advantage.} Be6 (20... Re8 $14) 21. Ra3 $16 Rac8 22. Bxf6 (22. Ng5 $16) 22... gxf6 $11 23. Re1 Rfd8 (23... Kh8 $11) 24. Qb2 (24. c5 $14 {might be stronger.}) 24... Na5 (24... b6 $1 $11 {remains equal.}) 25. Nd4 $16 {White is more active.} Nxc4 (25... Kh8 $16 26. Nxe6 fxe6) 26. Rg3+ $18 (26. Qxb7 $2 {too greedy.} Nxa3 27. Nxe6 fxe6 $19) 26... Kh8 27. Qxb7 Rxd4 {[#]} (27... Nd6 $18 28. Qxa7 Rc1) 28. Qxc8+ $3 {[%mdl 512] Weighted Error Value: White=0.09 (flawless) /Black=0.64.  Mistake:       	White=2     	Black=7      OK:         	White=6     	Black=5      Best:        	White=5     	Black=1      Brilliant:      	White=1     	---} 1-0

[Event "45th FIDE Olympiad 2024"]
[Site "Budapest"]
[Date "2024.09.15"]
[Round "5.126"]
[White "Camacho Campusano, David Daniel"]
[Black "Cori Quispe, Kevin Joel"]
[Result "0-1"]
[ECO "B66"]
[WhiteElo "2219"]
[BlackElo "2461"]
[Annotator "RC"]
[PlyCount "97"]
[EventDate "2024.09.05"]
[EventType "team-tourn"]
[EventCountry "HUN"]
[SourceTitle "playchess.com"]
[Source "ChessBase"]
[SourceQuality "1"]
[WhiteTeam "Dominican Republic"]
[BlackTeam "Mexico"]
[WhiteTeamCountry "DOM"]
[BlackTeamCountry "MEX"]
[TimeControl "40/5400+30:1800+30"]

1. e4 c5 2. Nf3 Nc6 3. d4 cxd4 4. Nxd4 Nf6 5. Nc3 d6 6. Bg5 e6 7. Qd2 a6 8. Nxc6 bxc6 9. O-O-O Be7 10. Bxf6 gxf6 11. Bc4 Bb7 12. Rhe1 Qa5 13. Kb1 h5 14. f4 O-O-O 15. Nd5 Qxd2 16. Nxe7+ Kd7 17. Rxd2 Kxe7 18. Be2 e5 19. fxe5 fxe5 20. h4 d5 21. Bf3 d4 22. Rd3 c5 23. Rb3 Ba8 24. Kc1 Rd6 25. Kd2 Rf6 26. c3 Rc6 27. Rc1 Kd6 28. Rf1 Ke7 29. Rc1 Kd7 30. Rf1 Rg6 31. Ra3 Rb8 32. Kc1 Rgb6 33. Rf2 f5 34. Re2 fxe4 35. Bxe4 Bxe4 36. Rxe4 Kd6 37. cxd4 cxd4 38. Ra5 Rb5 39. Rxa6+ Kd5 40. Re2 e4 41. b3 e3 42. Rc2 Rf8 43. Rg6 Ke4 44. Re6+ Re5 45. Rxe5+ Kxe5 46. Rc7 Ke4 47. b4 Rf1+ 48. Kb2 e2 49. Re7+ 0-1

[Event "45th FIDE Olympiad 2024"]
[Site "Budapest"]
[Date "2024.09.15"]
[Round "5.127"]
[White "Ibarra Chami, Luis Fernando"]
[Black "Jimenez Jimenez, Leandro"]
[Result "1-0"]
[ECO "C42"]
[WhiteElo "2427"]
[BlackElo "2188"]
[Annotator "TA"]
[PlyCount "123"]
[EventDate "2024.09.05"]
[EventType "team-tourn"]
[EventCountry "HUN"]
[SourceTitle "playchess.com"]
[Source "ChessBase"]
[SourceQuality "1"]
[WhiteTeam "Mexico"]
[BlackTeam "Dominican Republic"]
[WhiteTeamCountry "MEX"]
[BlackTeamCountry "DOM"]
[TimeControl "40/5400+30:1800+30"]

1. e4 e5 2. Nf3 Nf6 3. Nxe5 Nxe4 4. Qe2 Qe7 5. Qxe4 d6 6. d4 dxe5 7. dxe5 Nc6 8. Nc3 Qxe5 9. Qxe5+ Nxe5 {White is slightly better.} 10. Nb5 Bb4+ 11. Bd2 Bxd2+ 12. Kxd2 Kd7 13. Re1 Ng4 14. f3 Nh6 15. Bd3 c6 16. Nc3 {White is much more active.} Kd8 17. g4 f5 18. gxf5 Bxf5 19. Ne4 Kc7 20. Rhg1 g6 21. Kc3 Bxe4 22. Rxe4 Rae8 {Against Re7+} 23. Rh4 Nf7 24. f4 Nd6 25. Kd4 Rd8 {Threatens to win with ...Nf5+.} 26. Ke3 Rhe8+ 27. Kf3 Re7 28. Rg5 Rf8 29. Kg2 b6 30. Re5 Rfe8 31. Kf3 Kd7 32. b3 Rf7 33. Rxe8 Kxe8 $11 {[%mdl 4096] Endgame. KRB-KRN} 34. Rg4 Ke7 35. h4 Kf6 36. h5 Nf5 37. Rg1 Re7 38. Rh1 Re3+ 39. Kf2 Re7 40. a4 c5 41. a5 Nd6 42. Kf3 Nf5 43. hxg6 hxg6 44. Rh8 Re3+ (44... bxa5 $11 {keeps the balance.} 45. Bxf5 gxf5) 45. Kf2 $16 {Black must now prevent Bxf5.} Re7 46. Rb8 Re6 (46... bxa5 $142 47. Rc8 Ng7) 47. Rf8+ $1 Kg7 48. Ra8 (48. Bxf5 $16 gxf5 49. Rxf5) 48... Re7 $14 49. Rb8 bxa5 50. Rc8 a4 51. bxa4 Nd6 (51... Nd4 $16 {might work better.}) 52. Rc6 $18 (52. Rxc5 $6 Ne4+ 53. Bxe4 Rxe4 $11) 52... Ne4+ {[#]} 53. Kf3 $1 Nd2+ 54. Kg2 Ne4 (54... Rf7 $142 55. Kf2 (55. Rxc5 Rxf4 56. Ra5 Rf7 $14) (55. Rxg6+ Kf8 $16) (55. Bxg6 Rxf4 56. Bd3 Rxa4 $11) 55... g5) 55. a5 Kf7 56. a6 g5 {[#]} 57. f5 (57. Rh6 $1 $18 {[%cal Rh6h7] Hoping for Rh7+.} Kg7 58. fxg5) 57... g4 (57... Nf6 $16 {is a better defense.} 58. Bc4+ (58. Rxc5 Ng4 $16) 58... Kg7) 58. Rg6 $2 (58. Bc4+ $18 Kg7 59. Rg6+ Kh7 60. Bd3 (60. Rxg4 Rg7 $14)) 58... Re5 $2 {[%mdl 8192] This move loses the game for Black.} (58... Nd2 $14) 59. Re6 ({Not} 59. Rxg4 Nd6 $16) 59... Rxe6 60. fxe6+ {White mates.} Kxe6 61. Bxe4 Ke5 62. Bc6 {Weighted Error Value: White=0.15 (very precise) /Black=0.24 (precise) .  Loses game:     	---       	Black=1      Missed win:     	White=1     	---        Mistake:       	White=2     	Black=5      Inaccurate:     	White=3     	Black=5      OK:         	White=17    	Black=20     Best:        	White=7     	---        Strong:       	White=1     	---} 1-0

[Event "45th FIDE Olympiad 2024"]
[Site "Budapest"]
[Date "2024.09.15"]
[Round "5.128"]
[White "Mendez Ramirez, Victor"]
[Black "Palma Villanueva, Miguel Tadeo"]
[Result "1/2-1/2"]
[ECO "E61"]
[WhiteElo "2191"]
[BlackElo "2266"]
[Annotator "TA"]
[PlyCount "109"]
[EventDate "2024.09.05"]
[EventType "team-tourn"]
[EventCountry "HUN"]
[SourceTitle "playchess.com"]
[Source "ChessBase"]
[SourceQuality "1"]
[WhiteTeam "Dominican Republic"]
[BlackTeam "Mexico"]
[WhiteTeamCountry "DOM"]
[BlackTeamCountry "MEX"]
[TimeControl "40/5400+30:1800+30"]

1. c4 g6 2. Nc3 Bg7 3. d4 c5 4. e3 Nf6 5. d5 d6 6. Nf3 O-O 7. Be2 e6 8. O-O exd5 9. cxd5 Re8 10. Nd2 {White has an edge.} Na6 11. Bc4 ({White should play} 11. e4 $11) 11... Nc7 $15 12. a4 Bf5 13. Re1 Ng4 14. Nf3 {Dodges Qh4} Ne5 15. Nxe5 Bxe5 16. Bf1 Na6 17. e4 Bxc3 18. bxc3 Rxe4 19. Rxe4 Bxe4 20. f3 Bf5 21. Bf4 {[%mdl 1024] White has compensation.} g5 22. Be3 Qe7 23. Qd2 $36 {[%mdl 2048] White has good play.} f6 24. Re1 {[%cal Oe3g5] Bxg5! would now be deadly.} Re8 {[#]} 25. h4 $1 h6 26. g4 Bc8 27. hxg5 hxg5 (27... fxg5 $11 {deserves consideration.} 28. Bb5 Rf8) 28. Bd3 Qf7 (28... Qg7 $142) 29. Kf2 {White is more active.} c4 30. Bxc4 Qh7 {Prevents Rh1} 31. Kg2 {Dodges Qh2+} (31. Bxa7 $2 {perishes.} Qh2+ 32. Kf1 Qxd2 $19) (31. Kg1 $16) 31... Bxg4 $1 $11 {The position is equal.} 32. fxg4 Qe4+ 33. Kf2 Qxc4 34. Qd4 {Really sharp!} Qc7 {[#] Strongly threatening ...Qh7.} (34... Qxd4 {simplifies} 35. Bxd4 Rxe1 36. Kxe1 Kf7) 35. Qd3 (35. Qxf6 $2 {loses.} Rf8 $19) 35... Qh7 {Wards off Qg6+} 36. Qxh7+ Kxh7 37. Bxa7 Rxe1 38. Kxe1 {[%mdl 4096] Endgame. KB-KN} Kg6 39. Bf2 f5 40. gxf5+ Kxf5 41. Bg3 Ke4 42. Bxd6 Kxd5 43. Be7 g4 44. Kf2 Nc5 45. Kg3 Nxa4 46. Kxg4 Nxc3 47. Kf3 Kd4 48. Kf2 b5 49. Ke1 Kd3 50. Bf8 $1 Kc2 51. Bc5 Kb3 52. Bf8 Ne4 53. Kd1 Kc4 54. Kc2 Nc5 55. Bxc5 {Weighted Error Value: White=0.09 (flawless) /Black=0.07 (flawless) .  Mistake:       	White=2     	Black=2      Inaccurate:     	---       	Black=1      OK:         	White=23    	Black=24     Best:        	---       	Black=1      Strong:       	White=1     	Black=1} 1/2-1/2

[Event "45th FIDE Olympiad 2024"]
[Site "Budapest"]
[Date "2024.09.15"]
[Round "5.129"]
[White "Johnson, Joshua"]
[Black "Ferreira, Jorge Viterbo"]
[Result "0-1"]
[ECO "B92"]
[WhiteElo "2267"]
[BlackElo "2535"]
[Annotator "TA"]
[PlyCount "96"]
[EventDate "2024.09.05"]
[EventType "team-tourn"]
[EventCountry "HUN"]
[SourceTitle "playchess.com"]
[Source "ChessBase"]
[SourceQuality "1"]
[WhiteTeam "Trinidad & Tobago"]
[BlackTeam "Portugal"]
[BlackTeamCountry "POR"]
[TimeControl "40/5400+30:1800+30"]

1. e4 c5 2. Nf3 d6 3. d4 cxd4 4. Nxd4 Nf6 5. Nc3 a6 6. Be2 e5 7. Nb3 Be7 8. O-O O-O 9. Qd3 Be6 10. Bd2 Nbd7 11. Nd5 Bxd5 12. exd5 {The position is equal.} Ne8 13. Na5 {Black is weak on the light squares} Rb8 14. b4 Bg5 15. Be1 f5 16. f3 f4 17. c4 Bh4 18. g3 (18. Bd2 $14 {deserves consideration.}) 18... Qg5 $11 19. Kg2 (19. Rf2 $11 {keeps the balance.} fxg3 20. hxg3 Bxg3 21. Rg2) 19... Nef6 $17 20. Qd2 (20. Nb3 $142) 20... Qg6 21. Bd3 e4 22. Bxe4 (22. Qxf4 exd3 23. Qxh4) 22... Nxe4 $19 23. fxe4 Qxe4+ 24. Kh3 {[#]} (24. Kg1 $142 fxg3 25. Bxg3 (25. Rxf8+ $2 Rxf8 26. hxg3 Ne5 $19) 25... Bxg3 26. hxg3) 24... f3 $1 25. Rd1 (25. Bf2 Ne5) 25... Bd8 $2 (25... g5 {[%cal Od7e5] ( -> ...Ne5!)} 26. Qd4 Qg6 27. gxh4 Rf4) 26. Qd3 Qe8 (26... Qxd3 27. Rxd3 Ne5 28. Rb3 $17) 27. Rxf3 Qh5+ 28. Kg2 Bxa5 29. g4 (29. Rxf8+ $2 Rxf8 30. h3 Ne5 $19) 29... Qxg4+ $2 (29... Rxf3 30. Qxf3 (30. gxh5 $2 Rxd3 31. Rxd3 Re8 $19) 30... Qg6 31. bxa5 $15) (29... Qg5 $1 $19 {is more deadly. White must now prevent ...Ne5.} 30. Rh3 (30. bxa5 $2 Ne5 $19) 30... Bd8 (30... Qxg4+ 31. Rg3 $17) 31. Qxh7+ Kf7) 30. Rg3 $17 Qf4 31. Bc3 Ne5 32. Bxe5 Qxe5 (32... dxe5 33. bxa5 Rbc8 34. d6) 33. bxa5 Rbe8 34. Rd2 (34. Rb1 $17 {might work better.}) 34... Rf4 $19 {...Qe1 would now be deadly.} 35. Kh1 Re7 36. Rdg2 (36. Rgg2 $17) 36... Rd4 37. Qf1 {[#]} Rf7 38. Qe2 Re4 {Inhibits Re3.} 39. Qd3 Rd4 (39... g6 $19 {aiming for ...Re1+.} 40. Rf3 Re1+ 41. Rg1 Re2) 40. Qe2 $17 {[#]} Re4 {Black is more active.} (40... Qxe2 $1 $17 41. Rxe2 Rxc4 42. Re8+ Rf8) 41. Qd3 $19 g6 $40 {[%mdl 128] Black has strong attack.} 42. Rc2 $2 (42. h3) 42... Rff4 43. Rf3 $2 (43. Rcg2) 43... Re1+ {Black is clearly winning.} 44. Kg2 Rg4+ 45. Rg3 Rxg3+ (45... Re3 46. Qxe3 Qxe3 47. Rxg4 $15) 46. Qxg3 Qe4+ 47. Kf2 Rd1 (47... Qxc2+ 48. Kxe1 Qb1+ (48... Qxa2 49. Qxd6 Qxa5+ 50. Ke2 $11) 49. Kf2 $17) (47... Rh1 $2 48. Re2 Qd4+ (48... Qxc4 49. Qxd6 Qd4+ 50. Re3 $15) 49. Qe3 Qh4+ (49... Qxc4 50. Qe8+ Kg7 51. Qe7+ Kh6 52. Qe3+ Kg7 53. Qe7+ Kh6 54. Qe3+ Kg7 55. Qe7+ $11) (49... Rxh2+ $2 50. Kg1 $19) 50. Kf3 Rf1+ (50... Rxh2 51. Rxh2 Qxh2 52. Qe7 $11) (50... Qxc4 51. Qe6+ Kg7 52. Qd7+ Kh6 53. Qh3+ Kg5 54. Rg2+ Kf6 55. Qe6+ Kg7 56. Qe7+ Kh6 57. Qg5+ Kg7 58. Qe7+ Kh6 59. Qe3+ Kg7 60. Qe7+ $11) (50... Qh3+ 51. Ke4 $17) 51. Rf2 (51. Kg2 $2 Rf7 $19) 51... Rxf2+ (51... Qxc4 52. Qe8+ Kg7 53. Qd7+ Kh8 54. Qd8+ Kg7 55. Qd7+ Kh8 56. Qe8+ Kg7 57. Qd7+ $11) 52. Qxf2 Qxc4 53. Qd2 $19) 48. Re2 Qf5+ {Weighted Error Value: White=0.63/Black=0.57.  Missed win:     	---       	Black=1      Mistake:       	White=9     	Black=2      Inaccurate:     	---       	Black=3      OK:         	White=9     	Black=12     Best:        	White=4     	Black=4} 0-1

[Event "45th FIDE Olympiad 2024"]
[Site "Budapest"]
[Date "2024.09.15"]
[Round "5.130"]
[White "Pereira, Ruben"]
[Black "Cupid, Kevin"]
[Result "1-0"]
[ECO "B11"]
[WhiteElo "2457"]
[BlackElo "2201"]
[Annotator "TA"]
[PlyCount "73"]
[EventDate "2024.09.05"]
[EventType "team-tourn"]
[EventCountry "HUN"]
[SourceTitle "playchess.com"]
[Source "ChessBase"]
[SourceQuality "1"]
[WhiteTeam "Portugal"]
[BlackTeam "Trinidad & Tobago"]
[WhiteTeamCountry "POR"]
[TimeControl "40/5400+30:1800+30"]

1. e4 c6 2. Nc3 d5 3. Nf3 a6 4. h3 g6 5. d4 Bg7 6. Be3 Qb6 7. a3 dxe4 8. Nd2 (8. Nxe4 $14 Nd7 9. b3) 8... Bh6 (8... f5 $11) 9. Nc4 Qd8 10. Qd2 {White is more active.} Bxe3 11. Qxe3 b5 12. Ne5 {[%mdl 1024] White has compensation.} f6 13. Ng4 h5 (13... f5 $11) 14. Nh2 $36 {[%mdl 2048] White has strong initiative. White now steadily converts the win.} Nh6 15. O-O-O (15. Qxe4 Bf5 16. Qe2 Qxd4 $11) (15. Nxe4 $6 Nf5 16. Qd2 (16. Nxf6+ $2 Kf8 $19) 16... Qxd4 $11) 15... Kf7 ({Of course not} 15... f5 16. f3 $16) 16. Qxe4 Ra7 (16... Bf5 $16 {is a better defense.} 17. Qe3 Nd7) 17. g4 $18 f5 18. Qf3 Rd7 19. gxh5 Rxd4 20. Be2 {Threatens to win with Qg3.} e5 21. Qe3 {Inhibits Qg5.} Qf6 22. Nf3 Rxd1+ 23. Rxd1 ({Not} 23. Bxd1 Nd7 24. Rg1 gxh5 $16) 23... Nd7 {[#]} 24. Rxd7+ Bxd7 25. Nxe5+ Kg7 $2 (25... Ke8 26. Nxg6+ Kf7 27. Nxh8+ Qxh8) 26. Nxd7 {A dynamic duo of knights. White is clearly winning.} Qd6 27. Ne5 Re8 {[%cal Bh8e8,Be8e6,Be6h6,Bh6h3][%mdl 32] [#]} 28. Qxh6+ $3 Kxh6 29. Nf7+ (29. Nxg6 $2 {too greedy.} Qh2 30. Bd3 Qh1+ (30... Qxh3 $2 31. Ne2 $19) (30... Qxf2 $2 31. Kb1 $19) 31. Nd1 Re1 $19 (31... Qxh3 $2 32. Ne3 $19)) 29... Kg7 30. Nxd6 Re6 31. Nb7 gxh5 32. Bxh5 Rh6 33. Bf3 Kf7 {[#]} 34. Bxc6 $1 Rxh3 (34... Kf8 35. Bg2) 35. Nc5 Rh6 36. Bb7 Rb6 37. b4 {Weighted Error Value: White=0.15 (very precise) /Black=0.47.  Mistake:       	White=1     	Black=4      Inaccurate:     	White=2     	Black=3      OK:         	White=7     	Black=6      Best:        	White=3     	Black=2} 1-0

[Event "45th FIDE Olympiad 2024"]
[Site "Budapest"]
[Date "2024.09.15"]
[Round "5.131"]
[White "Harper, Ryan"]
[Black "Sousa, Andre Ventura"]
[Result "0-1"]
[ECO "B90"]
[WhiteElo "2124"]
[BlackElo "2403"]
[Annotator "TA"]
[PlyCount "108"]
[EventDate "2024.09.05"]
[EventType "team-tourn"]
[EventCountry "HUN"]
[SourceTitle "playchess.com"]
[Source "ChessBase"]
[SourceQuality "1"]
[WhiteTeam "Trinidad & Tobago"]
[BlackTeam "Portugal"]
[BlackTeamCountry "POR"]
[TimeControl "40/5400+30:1800+30"]

1. e4 c5 2. Nf3 d6 3. d4 cxd4 4. Nxd4 Nf6 5. Nc3 a6 6. f3 e5 7. Nb3 Be6 8. Nd5 Bxd5 9. exd5 Nbd7 10. Be3 Be7 11. Qd2 O-O 12. Na5 Qc7 {Black is slightly better.} 13. Be2 Rfc8 14. c4 Bd8 15. b4 Qb8 16. O-O Bxa5 17. bxa5 Qc7 18. Rab1 Nc5 19. Kh1 Qe7 20. f4 Nfe4 {A dynamic duo of knights.} 21. Qe1 exf4 22. Bxf4 Rc7 23. Rf3 Re8 24. Qf1 {Black converts the advantage convincingly.} f5 25. Rd1 Qd8 {Black is more active.} 26. Rh3 (26. Be3 $17 {might work better.}) 26... Rce7 $19 27. Bf3 Qxa5 28. Bxe4 Nxe4 29. Rf3 {[#] Against Nf2+} (29. Be3) 29... Nf2+ $1 30. Rxf2 Re1 31. Rxe1 Rxe1 32. Bxd6 Rxf1+ 33. Rxf1 Qxa2 {[%mdl 4096] Endgame. KQ-KRB} 34. h3 Qxc4 35. Rxf5 Qc1+ 36. Kh2 Qc8 37. Rf3 Qd8 38. Ba3 a5 ({Weaker is} 38... Qxd5 39. Rf8#) 39. d6 b5 {Hoping for ...b4.} 40. Bc5 {[%cal Od6d7] And now d7! would win.} g6 41. Re3 Qc8 42. Bb6 (42. Bd4 Qd7 43. Be5) 42... Qc6 $1 43. Bc7 a4 {...b4 is the strong threat.} 44. Re7 a3 {aiming for ...a2.} 45. Bb8 Qc8 46. Ba7 a2 47. Bd4 {Wards off a1Q} Qc6 48. Be5 {[#]} a1=Q $1 49. Bxa1 Qxd6+ 50. Re5 Kf7 51. g4 Qd1 {White must now prevent ...Qc2+.} 52. Kg3 Qxa1 {Black mates.} 53. Rxb5 Qe1+ 54. Kf4 Qf1+ {Weighted Error Value: White=0.64/Black=0.11 (very precise) .  Mistake:       	White=3     	---        Inaccurate:     	White=6     	---        OK:         	White=13    	Black=22     Best:        	White=1     	Black=2} 0-1

[Event "45th FIDE Olympiad 2024"]
[Site "Budapest"]
[Date "2024.09.15"]
[Round "5.132"]
[White "Barria Santos, Jose Guilherme"]
[Black "McIntosh, Isaiah"]
[Result "0-1"]
[ECO "C65"]
[WhiteElo "2411"]
[BlackElo "2249"]
[Annotator "TA"]
[PlyCount "20"]
[EventDate "2024.09.05"]
[EventType "team-tourn"]
[EventCountry "HUN"]
[SourceTitle "playchess.com"]
[Source "ChessBase"]
[SourceQuality "1"]
[WhiteTeam "Portugal"]
[BlackTeam "Trinidad & Tobago"]
[WhiteTeamCountry "POR"]
[TimeControl "40/5400+30:1800+30"]

1. e4 e5 2. Nf3 Nc6 3. Bb5 Nf6 4. d3 Bc5 5. c3 d5 6. exd5 Qxd5 {[%cal Oc5f2] Hoping for ...Bxf2+!} 7. O-O (7. Bc4 $11 Qd7 8. O-O) 7... Qd8 $2 {[#]} (7... Bxf2+ $15 {keeps the upper hand.} 8. Rxf2 Qxb5) 8. Bc4 (8. Nxe5 $16 O-O 9. Nxc6 bxc6 10. Bxc6) 8... O-O $11 9. Nbd2 Bf5 10. Qe2 Re8 {[%mdl 32768] Weighted Error Value: White=0.37/Black=0.66.  Mistake:       	White=2     	Black=1      Inaccurate:     	---       	Black=1      OK:         	White=1     	Black=1     . Loss on time!?} 0-1

[Event "45th FIDE Olympiad 2024"]
[Site "Budapest"]
[Date "2024.09.15"]
[Round "5.133"]
[White "El Jawich, Amro"]
[Black "Kantor, Gergely"]
[Result "0-1"]
[ECO "C44"]
[WhiteElo "2296"]
[BlackElo "2537"]
[Annotator "TA"]
[PlyCount "50"]
[EventDate "2024.09.05"]
[EventType "team-tourn"]
[EventCountry "HUN"]
[SourceTitle "playchess.com"]
[Source "ChessBase"]
[SourceQuality "1"]
[WhiteTeam "Lebanon"]
[BlackTeam "Hungary C"]
[WhiteTeamCountry "LBN"]
[TimeControl "40/5400+30:1800+30"]

1. e4 e5 2. Nf3 Nc6 3. d4 exd4 4. Bc4 Bb4+ 5. c3 dxc3 6. bxc3 Ba5 7. O-O {[%mdl 1024] White has compensation.} Bb6 8. Re1 Nge7 9. Ba3 d6 {Black is slightly better.} 10. e5 O-O ({Black should try} 10... d5 $15 11. Bd3 h6) 11. exd6 $11 cxd6 12. Qxd6 Ng6 13. Nbd2 Bf5 14. Qg3 Re8 15. Rxe8+ Qxe8 16. Ng5 Nce5 {...Rd8 would now be deadly.} 17. Bb3 (17. Re1 Nxc4 (17... Qd8 $2 18. Ngf3 $19) 18. Rxe8+ Rxe8 $19) (17. Bd6 $15) 17... Qc6 {Dancing on a razor blade.} (17... h6 $17 18. Nge4 Bxe4 19. Nxe4 Qc6) 18. Re1 Re8 19. Nde4 $2 {[#] This move loses the game for White.} (19. Ndf3 $11 Nxf3+ (19... Qxc3 $2 20. Bxf7+ Kh8 21. Bxe8 $18) 20. Nxf3) 19... h6 $1 $19 20. Nd6 {[#]} hxg5 $1 21. Bxf7+ (21. Nxf5 $2 Nf3+ 22. gxf3 Rxe1+ 23. Kg2 Nf4+ $19 (23... Qxc3 $2 24. Qxg5 Qd3 25. Ng3 $19) (23... Qxc3 $2 24. Qxg5 Qd3 25. Ng3 $19)) 21... Nxf7 22. Nxe8 (22. Rxe8+ Kh7 23. Qf3 Qxf3 (23... Nxd6 24. Qh5#) 24. gxf3) 22... Nf4 {Strongly threatening ...Qb5.} 23. h4 Nd3 {A dynamic duo of knights.} 24. Qb8 Kh7 (24... Nxe1 25. Nf6#) 25. Nxg7 {[#]} Nf4 {Weighted Error Value: White=1.30/Black=0.13 (very precise) .  Loses game:     	White=1     	---        Mistake:       	White=2     	Black=2      Inaccurate:     	White=4     	---        OK:         	White=3     	Black=6      Best:        	White=2     	Black=2      Strong:       	---       	Black=1} 0-1

[Event "45th FIDE Olympiad 2024"]
[Site "Budapest"]
[Date "2024.09.15"]
[Round "5.134"]
[White "Krstulovic, Alex"]
[Black "Arkadan, Adib"]
[Result "1-0"]
[ECO "E52"]
[WhiteElo "2452"]
[BlackElo "2181"]
[Annotator "TA"]
[PlyCount "63"]
[EventDate "2024.09.05"]
[EventType "team-tourn"]
[EventCountry "HUN"]
[SourceTitle "playchess.com"]
[Source "ChessBase"]
[SourceQuality "1"]
[WhiteTeam "Hungary C"]
[BlackTeam "Lebanon"]
[BlackTeamCountry "LBN"]
[TimeControl "40/5400+30:1800+30"]

1. d4 Nf6 2. c4 e6 3. Nc3 Bb4 4. e3 O-O 5. Bd2 b6 6. Nf3 Bb7 7. Bd3 d5 8. cxd5 exd5 9. Rc1 c6 10. Qc2 Re8 11. a3 {The position is equal.} Bd6 12. O-O Qe7 {[#]} (12... c5 $11) 13. e4 $1 $16 dxe4 {[#]} 14. Nxe4 Nbd7 (14... Nxe4 15. Bxe4) 15. Rfe1 {White is more active.} Qf8 16. Nxf6+ Nxf6 17. Bg5 {Black must now prevent Bxf6.} h6 18. Bxf6 gxf6 19. Be4 Re6 20. Nh4 (20. Bxc6 Bxc6 21. Rxe6 Bxf3 22. Rxd6 Qxd6) 20... Rae8 21. Qd3 c5 {[#]} 22. d5 $1 $36 {[%mdl 2048] Keeping Black busy.} Re5 {[%cal Ob7d5] [#]} 23. f4 $1 Rh5 {Black cannot hold the game after this.} (23... R5e7 $16) 24. Qf3 $18 Rxh4 25. Qg3+ Qg7 26. Qxh4 Kh8 (26... Kf8 {was worth a try.} 27. Kh1 (27. Bf3 f5 $18) 27... Bc8) 27. Bf5 Rg8 28. Re2 Bxd5 $2 (28... Bc8) 29. Rc3 Qf8 30. Qxf6+ Rg7 31. Rg3 Kg8 32. Qxh6 {Weighted Error Value: White=0.07 (flawless) /Black=0.68.  Loses game:     	---       	Black=1      Mistake:       	---       	Black=3      Inaccurate:     	White=1     	Black=3      OK:         	White=7     	Black=6      Best:        	White=2     	Black=3      Strong:       	White=2     	---        Brilliant:      	White=2     	---} 1-0